 Dungeon Crawl Stone Soup version 0.26.0-11-g8f856b5395 (webtiles) character file.

Game seed: 13095875541944487233

74 runemasterragnar the Skirmisher (level 4, -2/48 HPs)
             Began as an Ogre Arcane Marksman on Jan 15, 2021.
             Slain by a bullfrog (7 damage)
             ... on level 6 of the Dungeon.
             The game lasted 00:04:53 (2114 turns).

runemasterragnar the Skirmisher (OgAM)              Turns: 2114, Time: 00:04:54

Health: -2/48      AC:  3    Str: 15    XL:     4   Next: 30%
Magic:  5/5        EV: 10    Int: 14    God:
Gold:   75         SH:  0    Dex:  9    Spells: 4/5 levels left

rFire    . . .     SeeInvis .   j - +0 hand axe
rCold    . . .     Faith    .   (no shield)
rNeg     . . .     Spirit   .   a - +0 robe
rPois    .         Reflect  .   (helmet restricted)
rElec    .         Harm     .   (no cloak)
rCorr    +         Rampage  .   (gloves unavailable)
Will     .....                  (boots unavailable)
Stlth    +.........             (no amulet)
HPRegen  0.16/turn              g - ring of resist corrosion
MPRegen  0.09/turn              (no ring)

@: mighty
A: large, unfitting armour, tough skin 1
a: no special abilities


You were on level 6 of the Dungeon.
You visited 1 branch of the dungeon, and saw 4 of its levels.

You collected 75 gold pieces.

Inventory:

Hand Weapons
 h - a +0 whip
 j - a +0 hand axe (weapon)
 k - a +0 dagger of venom
Missiles
 l - a boomerang (quivered)
Armour
 a - a +0 robe (worn)
Jewellery
 g - a ring of resist corrosion (left hand)
Wands
 e - a wand of disintegration (9)
Scrolls
 b - 4 scrolls of remove curse
 i - a scroll of amnesia {unknown}
Potions
 f - a potion of might


   Skills:
 * Level 3.8 Fighting
 + Level 2.7 Throwing
 + Level 2.5 Dodging
 - Level 1.2 Spellcasting
 - Level 2.6 Hexes


You had 4 spell levels left.
You knew the following spells:

 Your Spells              Type           Power        Failure   Level
a - Corona                Hex            8%           9%          1

Your spell library contained the following spells:

 Spells                   Type           Power        Failure   Level
 Slow                     Hex            8%           13%         2
 Inner Flame              Hex/Fire       4%           41%         3
 Portal Projectile        Hex/Tloc       8%           41%         3
 Cause Fear               Hex            4%           65%         4
 Leda's Liquefaction      Hex/Erth       2%           83%         4


Dungeon Overview and Level Annotations

Branches:
Dungeon (3/15)

Altars:


Innate Abilities, Weirdness & Mutations

You are too large for most types of armour.
You have tough skin. (AC +1)


Message History

The bullfrog closely misses you. The bullfrog hits you.
Unknown command.
It was a potion of might.
You feel very mighty all of a sudden. The bullfrog barely misses you.
The bullfrog hits you.
You barely miss the bullfrog. The bullfrog hits you.
The bullfrog barely misses you.
You closely miss the bullfrog. The bullfrog hits you!
* * * LOW HITPOINT WARNING * * *
The bullfrog barely misses you.
You closely miss the bullfrog. The bullfrog barely misses you.
Okay, then.
As you read the scroll labelled BIGAZO YLOPH, it crumbles to dust.
You assume a fearsome visage.
The bullfrog looks frightened!
The orc looks frightened!
The bullfrog looks frightened!
It was a scroll of fear.
Cornered, the bullfrog turns to fight! x2
The bullfrog hits you!
* * * LOW HITPOINT WARNING * * *
You closely miss the bullfrog. The bullfrog hits you!
You die...

### ..# #.# #.# #.# #@#
#F# . #F# #.. #.#
#....#o################
#.....?................
#>.................####
#....#(###########.# #
#.#..#.# #..# #


You could see 2 bullfrogs and an orc (fleeing).

Vanquished Creatures
  A hound (D:6)
  3 adders (D:3)
  An orc (D:3)
  2 giant cockroaches (D:2)
  2 goblins
  2 hobgoblins
  A jackal (D:3)
  A kobold (D:3)
  3 bats
  2 rats (D:3)
18 creatures vanquished.

Notes
Turn   | Place    | Note
-------+----------+-------------------------------------------
     0 | D:1      | runemasterragnar the Ogre Arcane Marksman began the quest
                  | for the Orb.
     0 | D:1      | Reached XP level 1. HP: 19/19 MP: 2/2
   371 | D:2      | Reached skill level 2 in Fighting
   387 | D:2      | Reached XP level 2. HP: 24/28 MP: 1/3
   868 | D:3      | Reached XP level 3. HP: 29/36 MP: 2/4
  1055 | D:3      | Reached skill level 3 in Fighting
  1673 | D:3      | You fall into a shaft and drop 3 floors!
  1691 | D:6      | Reached XP level 4. HP: 22/48 MP: 5/5
  1989 | D:6      | Noticed a bullfrog
  2095 | D:6      | Noticed a bullfrog
  2095 | D:6      | Noticed a bullfrog
  2114 | D:6      | Slain by a bullfrog

Illustrated notes

Levels and vault maps discovered:
D:1:      minmay_arrival_nine_rooms, layout_loops_ring
D:2:      layout_rooms, nrook_mini_backslash, st_stairs_13, tso_metal_star,
          uniq_crazy_yiuf_cottage
D:3:      layout_loops_corners, lemuel_crystal_altar, minmay_diced_spiral,
          uniq_ijyb
D:6:      layout_basic, gammafunk_temple_overflow_statue

Skill      XL: |  1  2  3 |
---------------+----------+-----
Fighting       | 2 3 |  3.8
Dodging        | 2 |  2.5
Throwing       | |  2.7
Spellcasting   | |  1.2
Hexes          | |  2.6

Action                   |  1- 3 |  4- 6 || total
-------------------------+-------+-------++-------
Melee: Unarmed           |     5 |       ||     5
       Hand axe          |    16 |     4 ||    20
       Whip              |     6 |       ||     6
Throw: Large rock        |    28 |     3 ||    31
       Throwing net      |     5 |       ||     5
       Boomerang         |       |     2 ||     2
 Cast: Corona            |    15 |     2 ||    17
Evoke: Wand              |     2 |       ||     2
  Use: Potion            |     3 |     1 ||     4
       Scroll            |     2 |     1 ||     3
Armor: Robe              |    40 |     2 ||    42
Dodge: Dodged            |    60 |    14 ||    74
